 Dungeon Crawl Stone Soup version 0.23-a0-448-g1c01f63 (webtiles) character file.

316 tatocazan the Cudgeler (level 6, -4/40 HPs)
             Began as a Gargoyle Fighter on Nov 20, 2018.
             Slain by an ogre
             ... wielding a cursed +0 giant club
              (20 damage)
             ... on level 5 of the Dungeon.
             The game lasted 00:04:36 (2934 turns).

tatocazan the Cudgeler (Gargoyle Fighter)           Turns: 2934, Time: 00:04:37

Health: -4/40      AC: 12    Str: 20    XL:     6   Next: 44%
Magic:  6/6        EV:  7    Int:  8    God:
Gold:   112        SH: 10    Dex: 11    Spells: 5/5 levels left

rFire    . . .     SeeInvis .   a - +0 flail
rCold    . . .     Gourm    .   c - +1 shield
rNeg     + . .     Faith    .   b - +0 scale mail
rPois    ∞         Spirit   .   (no helmet)
rElec    +         Reflect  .   (no cloak)
rCorr    .         Harm     .   e - +0 pair of gloves
MR       .....                  (no boots)
Stlth    +.........             (no amulet)
HPRegen  0.13/turn              k - ring of stealth
MPRegen  0.10/turn              (no ring)

@: no status effects
A: negative energy resistance 1, electricity resistance, unbreathing,
petrification resistance, rot immunity, AC +4
a: no special abilities


You were on level 5 of the Dungeon.
You were not hungry.

You visited 1 branch of the dungeon, and saw 5 of its levels.

You collected 208 gold pieces.
You spent 96 gold pieces at shops.

Inventory:

Hand Weapons
 a - a +0 flail (weapon)
Armour
 b - a +0 scale mail (worn)
 c - a +1 shield (worn)
 e - a +0 pair of gloves (worn)
Jewellery
 k - a ring of stealth (left hand)
 p - a +1 ring of protection {unknown}
Scrolls
 g - a scroll of identify
 h - a scroll of magic mapping
 m - 4 scrolls of remove curse
 o - 2 scrolls of enchant armour
 s - a scroll of teleportation
Potions
 d - a potion of might
 i - 3 potions of degeneration
 j - a potion of flight
 l - 4 potions of curing
 n - a potion of lignification {unknown}
 q - a potion of magic
 t - 2 potions of heal wounds
 u - a potion of mutation {unknown}
Comestibles
 f - 6 rations


   Skills:
 + Level 5.1 Fighting
 * Level 5.5 Maces & Flails
 - Level 3.2 Armour
 - Level 3.2 Shields


You had 5 spell levels left.
You didn't know any spells.
Your spell library contained the following spells:

 Spells                   Type           Power        Failure   Level  Hunger
 Magic Dart               Conj           #...         99%         1    ##.....
 Blink                    Tloc           N/A          100%        2    ###....
 Call Imp                 Summ           #.......     100%        2    ###....
 Slow                     Hex            #.......     100%        2    ###....
 Conjure Flame            Conj/Fire      #.......     100%        3    ####...
 Mephitic Cloud           Conj/Pois/Air  #.......     100%        3    ####...


Dungeon Overview and Level Annotations

Branches:
Dungeon (5/15)
 Temple: D:4-7

Altars:
Wu Jian

Shops:
D:4 !


Innate Abilities, Weirdness & Mutations

You are resistant to torment.
Your stone body is resilient. (AC +4)
You are immune to poison.
You resist negative energy. (rN+)
You are resistant to electric shocks. (rElec)
You can survive without breathing.
You are immune to petrification.
You are immune to rotting.


Message History

The ogre barely misses you.
You hit the ogre.
The ogre is severely wounded.
The ogre hits you with a cursed +0 giant club!
You take 17 damage, and have 16/40 hp.
MASSIVE DAMAGE!!
You are too injured to fight recklessly!
You are too injured to fight recklessly!
You are too injured to fight recklessly!
You are too injured to fight recklessly!
You are too injured to fight recklessly!
You are too injured to fight recklessly!
You are too injured to fight recklessly!
You are too injured to fight recklessly!
An ogre is nearby!
An ogre is nearby!
You barely miss the ogre.
The ogre is severely wounded.
The ogre hits you with a cursed +0 giant club!!
Ouch! That really hurt!
You die...

#..# #..#.#
#..#.#
##..#.##
......
#...# #O..#
#@..#
######...#
.........)#
########..#
#..# #.#
#..###.#
#....#.####
#..........
.
#........#
_..


You could see an ogre.

Vanquished Creatures
  A necrophage (D:4)
  2 hounds (D:4)
  An iguana (D:4)
  A worker ant (D:4)
  4 adders
  2 worms (D:3)
  A dart slug (D:4)
  4 leopard geckos
  6 orcs
  5 giant cockroaches
  9 goblins
  4 hobgoblins
  6 jackals
  10 kobolds
  2 quokkas
  9 bats
  A frilled lizard (D:1)
  8 rats
76 creatures vanquished.

Notes
Turn   | Place    | Note
-------+----------+-------------------------------------------
     0 | D:1      | tatocazan the Gargoyle Fighter began the quest for the Orb.
     0 | D:1      | Reached XP level 1. HP: 14/14 MP: 1/1
    34 | D:1      | Reached XP level 2. HP: 14/19 MP: 2/2
   246 | D:1      | Reached XP level 3. HP: 24/24 MP: 3/3
   622 | D:2      | Reached XP level 4. HP: 27/29 MP: 4/4
  1821 | D:3      | Reached XP level 5. HP: 34/34 MP: 5/5
  2314 | D:4      | Found Fiuckerr's Distillery.
  2317 | D:4      | Bought a potion of curing for 36 gold pieces
  2317 | D:4      | Bought a potion of heal wounds for 60 gold pieces
  2348 | D:4      | Noticed a necrophage
  2359 | D:4      | Killed a necrophage
  2359 | D:4      | Reached skill level 5 in Maces & Flails
  2359 | D:4      | Reached XP level 6. HP: 40/40 MP: 6/6
  2577 | D:4      | Reached skill level 5 in Fighting
  2781 | D:4      | Got a fine wooden ring
  2782 | D:4      | Identified the cursed ring of the Clam {AC-3 SInv Stlth+}
                  | (You found it on level 4 of the Dungeon)
  2902 | D:5      | Entered Level 5 of the Dungeon
  2904 | D:5      | Found an ornate altar of the Wu Jian Council.
  2934 | D:5      | Slain by an ogre

Vault maps used:
D:1:      scummos_arrival_hexagon
D:2:      kennysheep_generic_room_13
D:4:      first_ration, serial_shops, kennysheep_mini_moat
D:5:      basic_altar, serial_shops, shop, uniq_grinder

Skill      XL: |  1  2  3  4  5  6 |
---------------+-------------------+-----
Maces & Flails | 3 4 5 |  5.5
Fighting       | 4 5 |  5.1
Armour         | |  3.2
Shields        | |  3.2

Action                   |  1- 3 |  4- 6 || total
-------------------------+-------+-------++-------
Melee: Flail             |   134 |   180 ||   314
  Use: Scroll            |       |    10 ||    10
  Eat: Chunk             |       |     7 ||     7
Armor: Scale mail        |    77 |    80 ||   157
Dodge: Dodged            |    40 |    40 ||    80
Block: Shield            |    82 |    80 ||   162

Table legend:
 A = Non-vault XP
 B = Vault XP
 C = Vault XP percentage of total XP
 D = Non-vault monster count
 E = Vault monster count
 F = Vault count percentage of total count
                 A         B        C        D         E       F
            +---------+---------+-------+---------+---------+-------
      Total |     452 |       0 |   0.0 |      76 |       0 |   0.0
            +---------+---------+-------+---------+---------+-------
        D:1 |      42 |       0 |   0.0 |      23 |       0 |   0.0
        D:2 |      51 |       0 |   0.0 |      17 |       0 |   0.0
        D:3 |      83 |       0 |   0.0 |      29 |       0 |   0.0
        D:4 |     273 |       0 |   0.0 |       6 |       0 |   0.0
        D:5 |       3 |       0 |   0.0 |       1 |       0 |   0.0
            +---------+---------+-------+---------+---------+-------
